 Dungeon Crawl Stone Soup version 0.28.0 (webtiles) character file.

Game seed: 16820124558295666764

43 Angani the Sneak (level 3, -1/33 HPs)
             Began as a Draconian Delver on Feb 12, 2022.
             Was an Initiate of Sif Muna.
             Killed from afar by a white imp (9 damage)
             ... with a puff of frost
             ... on level 6 of the Dungeon.
             The game lasted 00:03:27 (496 turns).

Angani the Sneak (Draconian Delver)                  Turns: 496, Time: 00:03:28

Health: -1/33      AC:  5    Str: 14    XL:     3   Next: 37%
Magic:  3/3        EV: 12    Int: 12    God:    Sif Muna [......]
Gold:   14         SH:  0    Dex: 12    Spells: 2/2 levels left

rFire   . . .      SeeInvis .   d - +0 whip
rCold   . . .      Faith    .   (no shield)
rNeg    . . .      Spirit   .   (armour unavailable)
rPois   .          Reflect  .   (helmet restricted)
rElec   .          Harm     .   (no cloak)
rCorr   .          Rampage  .   (no gloves)
Will    .....                   (no boots)
Stlth   +++.......              (no amulet)
HPRegen 0.11/turn               (no ring)
MPRegen 0.08/turn               (no ring)

@: no status effects
A: AC +5, unfitting armour, cold-blooded
a: Renounce Religion


You were on level 6 of the Dungeon.
You worshipped Sif Muna.
Sif Muna was noncommittal.
You visited 2 branches of the dungeon, and saw 4 of its levels.

You collected 14 gold pieces.

Inventory:

Hand Weapons
 d - a +0 whip (weapon)
Wands
 e - a wand of digging (3)
Scrolls
 a - a scroll of fog
 c - a scroll of fear


   Skills:
 + Level 4.2 Fighting
 + Level 1.9 Dodging
 - Level 4.5 Stealth
 - Level 2.9 Unarmed Combat


You had 2 spell levels left.
You didn't know any spells.
Your spell library was empty.

Dungeon Overview and Level Annotations

Branches:
Dungeon (7/15)             Temple (1/1) D:7

Altars:
Dithmenos
Elyvilon
Fedhas
Kikubaaqudgha
Sif Muna
Uskayaw
Wu Jian
Yredelemnul
Lugonu

Shops:
D:5 (


Innate Abilities, Weirdness & Mutations

Your plain brown scales are hard. (AC +5)
You cannot fit into any form of body armour.
You are cold-blooded and may be slowed by cold attacks.


Message History

You feel aware of your surroundings.
You sensed 4 altars.
A centaur zombie comes into view.
A white imp comes into view.
The white imp shouts!
Found a stone staircase leading up.
The centaur zombie barely misses you.
The centaur zombie kicks you but does no damage.
You hit the centaur zombie.
The centaur zombie is lightly damaged.
The centaur zombie hits you but does no damage.
The centaur zombie kicks you but does no damage.
You hit the centaur zombie.
The centaur zombie is moderately damaged.
The centaur zombie hits you.
The centaur zombie kicks you but does no damage.
You closely miss the white imp.
Your tail-slap misses the white imp.
You hit the white imp.
The white imp is heavily wounded.
The white imp hits you but does no damage.
You closely miss the white imp. You tail-slap the white imp.
The white imp is almost dead.
The white imp hits you. The white imp freezes you.
You feel yourself slow down.
You closely miss the white imp.
The white imp is almost dead.
The white imp gestures at you. The puff of frost hits you.
The white imp barely misses you.
You hit the white imp but do no damage.
The white imp is almost dead.
You feel yourself speed up. The white imp hits you. The white imp freezes you.
You closely miss the white imp.
The white imp is almost dead.
The white imp gestures at you. The puff of frost hits you!
* * * LOW HITPOINT WARNING * * *
You hit the white imp but do no damage.
The white imp is almost dead.
The white imp gestures at you. The puff of frost hits you!
You die...

,*,,* #...#....,,,,*,* *,*,,,,
,*,,* #.......#*****,*** *,*,,,*
,*,,* #.#.#...# *,,,* *,*,,,*
,*,,* #>#.#...# ***,* *,*,***
,*..####.#.#...# *,* *,*,,,,
,#...........5.#*####**,***,*,,**
,#..####.#.#...#*...,,,,,,,,*,,,,
,*,,,,...#...#.##.#****,******,**
,,,,..........Z5@<# *,,,,,,,,**
,*.............####**********,,,,
,,...............,,,,,,,,,,,**,*,
,,...............,,,,,,,,,,,,,,,,
**##.#............,,,,,,,,,,,*,*,
*,..............,,,,,,,,,,,,*,
***,,,###########****,,,,,,,***,
*,,,,,,,,,* *,****,****,
***,,,,**,* *,* *>,,,,,


You could see a white imp and a centaur zombie.

Vanquished Creatures
  A centaur zombie (D:6)
  A shadow imp (D:6)
  An orc (D:7)
3 creatures vanquished.

Notes
Turn   | Place    | Note
-------+----------+-------------------------------------------
     0 | D:5      | Angani the Draconian Delver began the quest for the Orb.
     0 | D:5      | Reached XP level 1. HP: 19/19 MP: 1/1
    26 | D:6      | Reached XP level 2. HP: 11/27 MP: 2/2
    26 | D:6      | Reached XP level 3. HP: 14/33 MP: 3/3
   281 | D:7      | Noticed an orc warrior
   281 | D:7      | Noticed a bullfrog
   313 | D:7      | Found a staircase to the Ecumenical Temple.
   322 | Temple   | Entered the Ecumenical Temple
   366 | Temple   | Became a worshipper of Elyvilon the Healer
   392 | Temple   | Fell from the grace of Elyvilon
   392 | Temple   | Became a worshipper of Sif Muna the Loreminder
   496 | D:6      | Killed from afar by a white imp

Illustrated notes

Levels and vault maps discovered:
D:5:      layout_loops_ring, nicolae_take_the_stairs
D:6:      layout_basic, mainiacjoe_overflow_small_starburst,
          kennysheep_little_box, mainiacjoe_overflow_paths, lemuel_tele_altar,
          hangedman_abyss_or_decor_lesser_grid
D:7:      nzn_winding_woodlands_three_and_one
          [nzn_winding_woodlands_5x15_default,
          nzn_winding_woodlands_5x15_sidewinder,
          nzn_winding_woodlands_5x15_pockets,
          nzn_winding_woodlands_center_lodge], layout_loops_ring, tso_altar,
          minmay_temple_entry_glass, serial_shops, kennysheep_mini
Temple:   corrupted_temple

Skill      XL: |  1 |
---------------+----+-----
Fighting       | 4 |  4.2
Dodging        | |  1.9
Stealth        | |  4.5
Unarmed Combat | |  2.9

Action                   || total
-------------------------++-------
Melee: Unarmed           ||    18
       Tailslap          ||     6
       Punch             ||     3
       Whip              ||    17
  Use: Potion            ||     1
       Scroll            ||     2
 Stab: Sleeping          ||     2
Armor: Skin              ||    15
Dodge: Dodged            ||    14
